 Dungeon Crawl Stone Soup version 0.16.1-51-g6203257 (webtiles) character file.

53819 Miyamura the Fighter (level 14, -4/157 HPs)
             Began as an Ogre Hunter on July 13, 2015.
             Was the Champion of Okawaru.
             Slain by a five-headed hydra (16 damage)
             ... on level 10 of the Dungeon on July 14, 2015.
             The game lasted 01:29:56 (25237 turns).

Miyamura the Fighter (Ogre Hunter)                 Turns: 25237, Time: 01:29:58

Health: -4/157     AC:  8    Str: 21    XL:     14   Next: 70%
Magic:  6/27       EV: 20    Int:  9    God:    Okawaru [******]
Gold:   1963       SH:  0    Dex: 10    Spells: 2 memorised, 5 levels left

rFire  . . .     SeeInvis .     w - +6 giant spiked club
rCold  + + .     Clarity  .     C - +3 robe "Kostohi" {rN++ Regen+ Int-4}
rNeg   + + .     SustAb   .     (shield restricted)
rPois  .         Gourm    .     (helmet restricted)
rElec  +         Spirit   .     c - +0 cloak of Starlight {rElec rC+ EV+4 Stlth-}
rCorr  .         Warding  .     (gloves unavailable)
rMut   .         Stasis   .     (boots unavailable)
MR     +....                    q - amulet of regeneration
Stlth  +.........               (no ring)
                                m - ring of protection from cold

@: about to teleport, heroism, somewhat resistant to hostile enchantments, very
unstealthy
A: unfitting armour, tough skin 1
a: Heroism, Finesse, Renounce Religion


You were on level 10 of the Dungeon.
You worshipped Okawaru.
Okawaru was exalted by your worship.
You were not hungry.

You visited 4 branches of the dungeon, and saw 24 of its levels.

You collected 2759 gold pieces.
You spent 796 gold pieces at shops.

Inventory:

Hand weapons
 w - a +6 giant spiked club (weapon)
 G - a +1 great mace of holy wrath
Missiles
 o - 7 silver javelins
 D - 2 large rocks (quivered)
 E - 4 poisoned javelins
 R - 6 tomahawks of returning
Armour
 b - a +0 shield
 c - the +0 cloak of Starlight (worn) {rElec rC+ EV+4 Stlth-}
   (You found it on level 8 of the Lair of Beasts)

   It affects your evasion (+4).
   It protects you from cold.
   It insulates you from electricity.
   It makes you less stealthy.
 s - a +1 cloak of invisibility
 C - the +3 robe "Kostohi" (worn) {rN++ Regen+ Int-4}
   (You found it on level 6 of the Dungeon)

   It affects your intelligence (-4).
   It greatly protects you from negative energy.
   It increases your rate of regeneration.
Jewellery
 m - a ring of protection from cold (left hand)
 p - an uncursed amulet of resist mutation
 q - an amulet of regeneration (around neck)
Magical devices
 d - a wand of magic darts (30)
 u - a wand of lightning (7)
 H - a wand of draining (7)
 I - a wand of random effects (26)
 Q - a wand of cold (14)
 X - a wand of digging (13)
 Y - a wand of disintegration (10)
Scrolls
 a - 4 scrolls of amnesia
 g - 3 scrolls of recharging
 h - 4 scrolls of blinking
 x - 4 scrolls of remove curse
 y - 6 scrolls of teleportation
 K - 2 scrolls of magic mapping
 U - a scroll of vulnerability
Potions
 e - 3 potions of resistance
 i - 2 potions of invisibility
 k - 3 potions of cancellation
 l - 4 potions of restore abilities
 n - 6 potions of curing
 r - a potion of lignification
 t - 3 potions of agility
 v - 4 potions of brilliance
 z - 3 potions of might
 B - a potion of mutation
 F - 3 potions of heal wounds
 O - a potion of magic {unknown}
 P - 2 potions of haste
 T - a potion of degeneration {unknown}
Miscellaneous
 L - an ornate deck of war {the Crusade}
Comestibles
 f - 13 meat rations
 j - 9 bread rations
 A - 5 slices of pizza
 J - 8 chunks of flesh
 S - 5 beef jerkies
 V - 3 fruits


   Skills:
 + Level 14.6(19.6) Fighting
 + Level 14.6(19.6) Maces & Flails
 + Level 13.3(18.3) Throwing
 - Level 4.5(9.5) Armour
 + Level 11.0(16.0) Dodging
 - Level 0.7(5.7) Stealth
 - Level 9.0 Invocations
 + Level 2.0 Evocations


You had 5 spell levels left.
You knew the following spells:

 Your Spells              Type           Power        Failure   Level  Hunger
f - Statue Form           Trmt/Erth      #........    100%        6    #######
s - Swiftness             Chrm/Air       #.......     65%         2    ###....


Dungeon Overview and Level Annotations

Branches:
Dungeon (11/15)            Temple (1/1) D:6            Lair (8/8) D:8
 Shoals (0/5) Lair:5       Spider (0/5) Lair:5        Slime (0/6) Lair:7
    Orc (4/4) D:9             Elf (0/3) Orc:3

Altars:
Ashenzari
Cheibriados
Dithmenos
Elyvilon
Fedhas
Gozag
Kikubaaqudgha
Makhleb
Nemelex Xobeh
Okawaru
Qazlal
Ru
Sif Muna
Trog
Vehumet
Xom
Yredelemnul
Zin
The Shining One
Jiyva

Shops:
D:8 [   Orc:4 [[**

Annotations:
D:3 Natasha
D:4 kae's ghost, average MiCK
Lair:3 exclusion: ice statue


Innate Abilities, Weirdness & Mutations

You are too large for most types of armour.
You have tough skin (AC +1).


Message History

You throw a large rock. The large rock hits the ogre!!!
You kill the ogre!
Okawaru accepts your kill.
You hit the five-headed hydra.
The five-headed hydra is lightly wounded.
The five-headed hydra bites you! x2
* * * LOW HITPOINT WARNING * * *
The five-headed hydra bites you.
* * * LOW HITPOINT WARNING * * *
The five-headed hydra closely misses you.
The five-headed hydra barely misses you.
Read which item? (? for menu, Esc to quit)
As you read the scroll of teleportation, it crumbles to dust.
You feel strangely unstable. The five-headed hydra bites you!
* * * LOW HITPOINT WARNING * * *
The five-headed hydra bites you but does no damage.
The five-headed hydra misses you. The five-headed hydra bites you!
* * * LOW HITPOINT WARNING * * *
The five-headed hydra bites you!
You die...

......# #.####.# #.# #.###.#
#......### #.# #.# #.# #.##.....#
#.# ..# #.# #.##.....# #.# #.#
#.# ######.##.....####.# #.#
#.########..(..>............. ###
#......#........####.###....# #
#..##.....<#D##.# #.###.#.## #
#..#.....#.#@##.####'#...#.## #
#..##....#.#.##.#......###.#. #
#..##....#.#...........# #.#. #
#........#.##..........###.#. #
#........#...................
#####......######.........####...
......###......############ ###.
#######......#.# ###. ##......#.#
#.).


You could see a five-headed hydra.

Vanquished Creatures
  Maud (Lair:5)
  The ghost of heinrich the Eclecticist, a powerful OpCj of Vehumet (Lair:6)
  3 hydras
  Erica (Orc:4)
  A catoblepas (Lair:8)
  5 death yaks (Lair:4)
  The ghost of kae the Agent of Entropy, an experienced DsAK of Lugonu (D:9)
  Urug (Orc:4)
  3 orc high priests (Orc:4)
  An ice devil (Orc:4)
  4 orc knights (Orc:4)
  The ghost of Ladykiller69 the Cleaver, an experienced FoFi of Cheibriados (D:8)
  4 orc sorcerers (Orc:4)
  A rust devil (Orc:4)
  Maurice (Orc:1)
  Joseph (Orc:1)
  3 sirens (Lair:5)
  A torpor snail (Lair:5)
  5 black mambas
  4 smoke demons (Orc:4)
  17 spiny frogs
  A centaur skeleton (D:10)
  6 komodo dragons
  3 fire drakes
  A freezing wraith (Lair:3)
  A troll (Orc:3)
  2 polar bears
  A merfolk (Lair:5)
  5 giant leeches (Lair:8)
  2 blue devils (Orc:4)
  11 blink frogs
  A two-headed ogre (D:10)
  A boulder beetle (Lair:7)
  3 basilisks
  22 yaks
  7 vampire mosquitoes
  3 wyverns (D:9)
  9 hippogriffs
  A steam dragon (Lair:5)
  Edmund (Orc:1)
  2 wargs
  24 wolves
  12 water moccasins
  A black bear (D:8)
  9 ice beasts
  A sky beast (D:8)
  17 orc warriors
  10 porcupines
  3 phantoms
  A wasp (Lair:5)
  6 ogres
  5 centaurs
  A big kobold (D:7)
  10 crocodiles
  A brain worm (Lair:8)
  32 giant frogs
  4 killer bees
  4 scorpions
  3 goliath beetles
  4 wights (D:8)
  A centaur zombie (D:11)
  7 electric eels
  8 hounds
  3 crimson imps (D:8)
  2 giant frog zombies
  27 orc priests
  4 jellies
  2 hell rats (Lair:5)
  3 iguanas
  Natasha (D:3)
  16 orc wizards
  6 worker ants
  10 sheep
  A worker ant zombie (D:6)
  24 adders
  78 river rats
  A shadow imp (D:5)
  2 white imps (Lair:3)
  A giant mite (Lair:5)
  3 worms
  An adder zombie (D:5)
  2 orc zombies (Orc:4)
  An adder skeleton (D:4)
  4 giant geckos
  3 oozes
  165 orcs
  13 giant cockroaches
  20 hobgoblins
  13 jackals
  20 kobolds
  14 quokkas
  A ball python (D:4)
  9 bats
  A giant gecko skeleton (D:8)
  6 giant newts
  23 goblins
  A quokka skeleton (D:8)
  13 rats
  A fungus (Lair:1)
  3 plants (Lair:8)
805 creatures vanquished.

Vanquished Creatures (others)
  A giant gecko (D:8)
  33 fungi
  15 plants
49 creatures vanquished.

Grand Total: 854 creatures vanquished

Notes
Turn   | Place    | Note
--------------------------------------------------------------
     0 | D:1      | Miyamura, the Ogre Hunter, began the quest for the Orb.
     0 | D:1      | Reached XP level 1. HP: 22/22 MP: 1/1
   327 | D:1      | Reached XP level 2. HP: 19/29 MP: 2/2
   555 | D:1      | Reached skill level 1 in Maces & Flails
  1583 | D:2      | Reached XP level 3. HP: 35/37 MP: 3/3
  2374 | D:2      | Reached skill level 1 in Armour
  2514 | D:2      | Reached XP level 4. HP: 45/45 MP: 4/4
  3372 | D:3      | Found a bloodstained altar of Trog.
  3442 | D:3      | Noticed Natasha
  3445 | D:3      | Killed Natasha
  3463 | D:3      | Reached XP level 5. HP: 48/54 MP: 5/5
  3614 | D:3      | Found a white marble altar of Elyvilon.
  3702 | D:3      | Noticed Natasha
  3974 | D:3      | Reached skill level 5 in Throwing
  4255 | D:3      | HP: 1/54 [something (6)]
  4385 | D:4      | Noticed kae's ghost (average MiCK)
  4888 | D:5      | Entered Level 5 of the Dungeon
  4892 | D:5      | Reached XP level 6. HP: 62/62 MP: 6/6
  5029 | D:5      | Noticed a phantom
  5184 | D:5      | Killed a phantom
  5322 | D:5      | Reached XP level 7. HP: 39/71 MP: 7/7
  5433 | D:5      | Noticed an ice beast
  5445 | D:5      | Killed an ice beast
  5445 | D:5      | Reached skill level 5 in Fighting
  5445 | D:5      | Reached skill level 6 in Throwing
  5782 | D:5      | Reached skill level 5 in Maces & Flails
  5782 | D:5      | Reached XP level 8. HP: 29/83 MP: 8/8
  6065 | D:6      | Found an ancient bone altar of Kikubaaqudgha.
  6228 | D:6      | Found an iron altar of Okawaru.
  6368 | D:6      | Became a worshipper of Warmaster Okawaru
  6448 | D:6      | Got a steaming robe
  6449 | D:6      | Identified the +3 robe "Kostohi" {rN++ Regen+ Int-4} (You found it on level 6 of the Dungeon)
  6539 | D:6      | Found a staircase to the Ecumenical Temple.
  6548 | Temple   | Entered the Ecumenical Temple
  7050 | D:7      | Reached skill level 7 in Throwing
  7155 | D:7      | Found a burning altar of Makhleb.
  7420 | D:7      | Reached skill level 5 in Dodging
  7428 | D:7      | Acquired Okawaru's first power
  8043 | D:7      | Reached XP level 9. HP: 93/93 MP: 9/9
  8089 | D:8      | Found a shattered altar of Ashenzari.
  8089 | D:8      | Found a staircase to the Lair.
  8089 | D:8      | Noticed Ladykiller69's ghost (experienced FoFi)
  8247 | D:8      | Found an opulent altar of Gozag.
  8310 | D:8      | Reached skill level 8 in Fighting
  8500 | D:8      | Reached skill level 1 in Invocations
  8723 | D:8      | Found a sparkling altar of Nemelex Xobeh.
  8739 | D:8      | Found Tweis' Antique Armour Shop.
  8753 | D:8      | Bought a fine robe for 136 gold pieces
  8753 | D:8      | Bought a twisted robe for 136 gold pieces
  8763 | D:8      | Identified the +1 robe of Sif Muna's Favour {rElec rPois rC+ MR-} (You bought it in a shop on level 8 of the Dungeon)
  8773 | D:8      | Identified the +2 robe of Bilonomo {rElec} (You bought it in a shop on level 8 of the Dungeon)
  8888 | D:8      | Killed Ladykiller69's ghost
  8888 | D:8      | Reached XP level 10. HP: 44/106 MP: 12/14
  8990 | D:8      | Found a stormy altar of Qazlal.
  9208 | D:8      | Reached skill level 9 in Fighting
  9404 | D:8      | Received a gift from Okawaru
  9577 | D:9      | Found a staircase to the Orcish Mines.
  9601 | D:9      | Identified a scroll of acquirement
  9602 | D:9      | Got a scorched cloak
  9613 | D:9      | Identified the -4 cloak of Shriufua {rCorr Int-2 Dex+2} (You acquired it on level 9 of the Dungeon)
  9716 | D:9      | Found a shadowy altar of Dithmenos.
  9773 | D:9      | Got a smoking long sword
  9774 | D:9      | Identified the +7 long sword "Croschumm" {freeze, Dex+3} (You found it on level 9 of the Dungeon)
  9889 | D:9      | Received a gift from Okawaru
  9952 | D:9      | Noticed kae's ghost (experienced DsAK)
 10222 | D:9      | Killed kae's ghost
 10269 | D:9      | Found a radiant altar of Vehumet.
 10545 | D:9      | Found a sacrificial altar of Ru.
 10571 | D:10     | Entered Level 10 of the Dungeon
 10585 | D:10     | Received a gift from Okawaru
 10876 | D:10     | Reached skill level 10 in Fighting
 10983 | D:10     | Received a gift from Okawaru
 11254 | D:8      | Reached skill level 5 in Invocations
 11266 | Lair:1   | Entered Level 1 of the Lair of Beasts
 11325 | Lair:1   | Reached XP level 11. HP: 105/118 MP: 19/19
 11423 | Lair:1   | Learned a level 2 spell: Swiftness
 11430 | Lair:1   | Learned a level 6 spell: Statue Form
 11436 | Lair:1   | Reached skill level 10 in Maces & Flails
 11550 | Lair:1   | Received a gift from Okawaru
 11560 | Lair:1   | Noticed a four-headed hydra
 11566 | Lair:1   | Killed a four-headed hydra
 11694 | Lair:1   | Reached skill level 10 in Throwing
 12428 | Lair:2   | Acquired Okawaru's second power
 12428 | Lair:2   | Received a gift from Okawaru
 12691 | Lair:2   | Reached skill level 11 in Fighting
 13282 | Lair:3   | Received a gift from Okawaru
 13522 | Lair:3   | Reached XP level 12. HP: 68/130 MP: 22/22
 13943 | Lair:3   | Noticed an ice statue
 14721 | Lair:4   | Reached skill level 12 in Fighting
 15059 | Lair:4   | Noticed a death yak
 15062 | Lair:4   | Noticed a death yak
 15062 | Lair:4   | Noticed a death yak
 15064 | Lair:4   | Killed a death yak
 15064 | Lair:4   | Received a gift from Okawaru
 15065 | Lair:4   | Got a polished longbow {god gift}
 15066 | Lair:4   | Noticed a death yak
 15080 | Lair:4   | Noticed a death yak
 15092 | Lair:4   | Killed a death yak
 15098 | Lair:4   | Killed a death yak
 15103 | Lair:4   | Killed a death yak
 15110 | Lair:4   | Killed a death yak
 15676 | Lair:5   | Noticed Maud
 15809 | Lair:5   | Received a gift from Okawaru
 15815 | Lair:5   | Found a staircase to the Shoals.
 15929 | Lair:5   | Reached XP level 13. HP: 135/141 MP: 25/25
 16024 | Lair:5   | Killed Maud
 16639 | Lair:5   | Found a hole to the Spider Nest.
 17260 | Lair:5   | Reached skill level 13 in Fighting
 17349 | Lair:6   | Noticed heinrich's ghost (powerful OpCj)
 17366 | Lair:6   | Killed heinrich's ghost
 18376 | Lair:7   | Found a staircase to the Slime Pits.
 18377 | Lair:7   | Found a viscous altar of Jiyva.
 18485 | Lair:7   | Received a gift from Okawaru
 18675 | Lair:7   | Received a gift from Okawaru
 18791 | Lair:7   | Got a warped spear
 18792 | Lair:7   | Identified the +3 longbow "Esyuvvat" {flame, -Tele +Inv rC+ MP+9} (Okawaru gifted it to you on level 4 of the Lair of Beasts)
 18793 | Lair:7   | Identified the +0 spear "Ximol" {venom, Noisy +Fly MR+} (You found it on level 7 of the Lair of Beasts)
 19100 | Lair:8   | Entered Level 8 of the Lair of Beasts
 19257 | Lair:7   | Reached skill level 10 in Dodging
 19496 | Lair:8   | Found an iron altar of Okawaru.
 19586 | Lair:8   | Received a gift from Okawaru
 19722 | Lair:8   | Got a transparent robe {god gift}
 19733 | Lair:8   | Identified the -2 robe "Teigan" {-Cast rElec rC+ rCorr Stlth+} (Okawaru gifted it to you on level 8 of the Lair of Beasts)
 20119 | Lair:8   | Reached XP level 14. HP: 90/154 MP: 27/27
 20419 | Lair:8   | Reached skill level 14 in Fighting
 20743 | Lair:8   | Identified A Beginning Course on Magic
 21625 | Orc:1    | Entered Level 1 of the Orcish Mines
 21694 | Orc:1    | Noticed Joseph
 21697 | Orc:1    | Killed Joseph
 21741 | Orc:1    | Noticed Maurice
 21747 | Orc:1    | Killed Maurice
 21971 | Orc:1    | Noticed Edmund
 21979 | Orc:1    | Killed Edmund
 22614 | Orc:2    | You fall through a shaft!
 22738 | Orc:3    | Found a staircase to the Elven Halls.
 23438 | Orc:4    | Entered Level 4 of the Orcish Mines
 23496 | Orc:4    | Noticed Erica
 23499 | Orc:4    | Noticed Urug
 23502 | Orc:4    | Killed Erica
 23502 | Orc:4    | Received a gift from Okawaru
 23508 | Orc:4    | Killed Urug
 24011 | Orc:4    | Found Peahed's Assorted Antiques.
 24237 | Orc:4    | Reached skill level 1 in Evocations
 24832 | Orc:4    | Found Osus' Assorted Antiques.
 24832 | Orc:4    | Found Daeweecs' Antique Armour Emporium.
 24833 | Orc:4    | Found Braabeg's Armour Boutique.
 24875 | Orc:4    | Bought a scroll of teleportation for 57 gold pieces
 24875 | Orc:4    | Bought a scroll of teleportation for 57 gold pieces
 24875 | Orc:4    | Bought a shield for 85 gold pieces
 24877 | Orc:4    | Bought a potion of curing for 78 gold pieces
 24900 | Orc:4    | Bought a glowing blue amulet for 130 gold pieces
 24900 | Orc:4    | Bought a tapered copper wand for 104 gold pieces
 24906 | Orc:4    | Bought an embroidered robe for 13 gold pieces
 25237 | D:10     | Slain by a five-headed hydra

Action                   |  1- 3 |  4- 6 |  7- 9 | 10-12 | 13-15 || total
-------------------------+-------+-------+-------+-------+-------++-------
Melee: Short sword       |    17 |       |       |       |       ||    17
       Club              |   135 |   175 |       |       |       ||   310
       Flail             |       |    98 |   355 |   122 |       ||   575
       Giant spiked club |       |       |       |   489 |   883 ||  1372
Throw: Large rock        |     4 |    18 |    12 |    89 |    87 ||   210
       Throwing net      |       |     6 |     1 |     4 |     2 ||    13
       Javelin           |       |       |       |     7 |    14 ||    21
       Tomahawk          |       |       |       |     2 |       ||     2
Invok: Heroism           |       |       |       |     2 |     3 ||     5
       Finesse           |       |       |       |       |     1 ||     1
Evoke: Wand              |       |       |       |       |     1 ||     1
  Use: Scroll            |     6 |     6 |     7 |    16 |     9 ||    44
       Potion            |       |     1 |     4 |     5 |     2 ||    12
 Stab: Sleeping          |       |     2 |       |     1 |     1 ||     4
       Invisible         |       |       |     1 |       |       ||     1
  Eat: Chunk             |     5 |    12 |    14 |    29 |    36 ||    96
       Beef jerky        |       |       |       |     1 |       ||     1
       Meat ration       |       |       |       |       |     1 ||     1
